 Dungeon Crawl Stone Soup version 0.21-a0-274-gc1afaeb (webtiles) character file.

52 Kidiri the Magician (level 3, -1/19 HPs)
             Began as a Deep Elf Fire Elementalist on Sept 19, 2017.
             Slain by a jackal (3 damage)
             ... on level 1 of the Dungeon.
             The game lasted 00:03:27 (1101 turns).

Kidiri the Magician (Deep Elf Fire Elementalist)    Turns: 1101, Time: 00:03:27

Health: -1/19      AC:  2    Str:  5    XL:     3   Next: 60%
Magic:  0/10       EV: 13    Int: 20    God:
Gold:   73         SH:  0    Dex: 15    Spells: 1/10 levels left

rFire    . . .     SeeInvis .   i - +0 dagger
rCold    . . .     Gourm    +   (no shield)
rNeg     . . .     Faith    .   a - +0 robe
rPois    .         Spirit   .   (no helmet)
rElec    .         Reflect  .   l - scarf {cloud immunity}
rCorr    .         Harm     .   (no gloves)
MR       .....                  (no boots)
Stlth    ++........             k - amulet of the gourmand
HPRegen  0.06/turn              (no ring)
MPRegen  0.12/turn              (no ring)

@: no status effects
A: no striking features
a: no special abilities


You were on level 1 of the Dungeon.
You were very full.

You visited 1 branch of the dungeon, and saw 2 of its levels.

You collected 73 gold pieces.

Inventory:

Hand Weapons
 i - a +0 dagger (weapon)
Armour
 a - a +0 robe (worn)
 l - a scarf of cloud immunity (worn)
Jewellery
 k - an amulet of the gourmand (around neck)
Scrolls
 d - a scroll of identify {unknown}
 e - a scroll of recharging {unknown}
 g - a scroll of remove curse {unknown}
 j - a scroll of amnesia {unknown}
Potions
 f - a potion of curing {unknown}
 h - a potion of degeneration {unknown}
 m - 2 potions of haste {unknown}
Books
 b - a book of Flames

   Spells                             Type                      Level
   a - Flame Tongue                   Conjuration/Fire             1
   b - Throw Flame                    Conjuration/Fire             2
   c - Conjure Flame                  Conjuration/Fire             3
   d - Inner Flame                    Hexes/Fire                   3
   e - Sticky Flame                   Conjuration/Fire             4
   f - Fireball                       Conjuration/Fire             5
Comestibles
 c - 2 bread rations


   Skills:
 - Level 2.4 Dodging
 - Level 2.4 Stealth
 * Level 4.3 Spellcasting
 + Level 2.1 Conjurations
 + Level 3.8 Fire Magic


You had one spell level left.
You knew the following spells:

 Your Spells              Type           Power        Failure   Level  Hunger
a - Flame Tongue          Conj/Fire      ###..        3%          1    None
b - Throw Flame           Conj/Fire      ###...       5%          2    #......
c - Conjure Flame         Conj/Fire      ###.....     11%         3    ###....
d - Inner Flame           Hex/Fire       ##......     17%         3    ###....


Dungeon Overview and Level Annotations

Branches:
Dungeon (2/15)

Altars:


Message History

Unknown command.
The jackal barely misses you.
There is a stone staircase leading up here.
The jackal bites you.
* * * LOW HITPOINT WARNING * * *
The jackal closely misses you. x2; The jackal misses you.
You climb upwards.
There is a stone staircase leading down here.
Unknown command.
The jackal closely misses you. The jackal completely misses you.
Casting: Flame Tongue
Confirm with . or Enter, or press ? or * to list all spells.
Aiming: Flame Tongue
Press: ? - help, Shift-Dir - straight line, f - jackal
Aim: a jackal The flame tongue misses the jackal. x2; The jackal barely misses you.
The jackal closely misses you. The jackal bites you.
You die...

()..........#....##.# #.#
##.#####....#.##.##.###.##
PP.##♣ #....#............#
P...P#♣#....#..##.#)######
.....P♣###.##.......##
..§...♣#.....#.##....#
..§...♣#.#.#.#.###)..#
......P#.....#...h)..#
.....P♣###...##.@h.>.#
P...#P♣#.....##.###..#
.###P###.##..##.#.#..#
P...PP♣#.....##.#....#
P...PPP####.###.#.#.##
PP.PP♣##....# #.#.#.#
♣#PP♣# ###### #.#.#.#
♣♣♣P♣ #.###.# ## #.# #.#


You could see 2 jackals.

Vanquished Creatures
  2 adders (D:2)
  3 leopard geckos (D:1)
  A giant cockroach (D:1)
  3 goblins (D:1)
  4 hobgoblins (D:1)
  3 jackals (D:2)
  8 kobolds (D:1)
  3 bats
  A frilled lizard (D:2)
  2 rats (D:1)
30 creatures vanquished.

Vanquished Creatures (others)
  A plant (D:1)
1 creature vanquished.

Grand Total: 31 creatures vanquished

Notes
Turn   | Place    | Note
-------+----------+-------------------------------------------
     0 | D:1      | Kidiri the Deep Elf Fire Elementalist began the quest for the Orb.
     0 | D:1      | Reached XP level 1. HP: 10/10 MP: 6/6
   162 | D:1      | Reached XP level 2. HP: 15/15 MP: 0/8
   166 | D:1      | Learned a level 2 spell: Throw Flame
  1044 | D:2      | Reached XP level 3. HP: 19/19 MP: 8/10
  1050 | D:2      | Learned a level 3 spell: Conjure Flame
  1054 | D:2      | Learned a level 3 spell: Inner Flame
  1075 | D:2      | Reached skill level 4 in Spellcasting
  1101 | D:1      | Slain by a jackal

Vault maps used:
D:1:      lemuel_arrival_hallway, lexackson_kobold_supper
D:2:      chequers_ecumenical_altar_island, uniq_robin

Skill      XL: |  1  2  3 |
---------------+----------+-----
Spellcasting   | 4 |  4.3
Conjurations   | 2 |  2.1
Dodging        | |  2.4
Stealth        | |  2.4
Fire Magic     | |  3.8

Action                   || total
-------------------------++-------
Melee: Dagger            ||    17
 Cast: Flame Tongue      ||    49
       Throw Flame       ||     2
 Stab: Sleeping          ||     2
  Eat: Chunk             ||    13
Armor: Robe              ||     6
Dodge: Dodged            ||    48

Table legend:
 A = Spawn XP
 B = Non-spawn XP
 C = Spawn XP percentage of total XP
 D = Spawn monster count
 E = Non-spawn monster count
 F = Spawn count percentage of total count
 G = Total turns spent on level
                    A         B        C        D         E        F      G
               +---------+---------+-------+---------+---------+-------+---------
         Total |       0 |      75 |   0.0 |       0 |      30 |   0.0 |  1101
               +---------+---------+-------+---------+---------+-------+---------
           D:1 |       0 |      40 |   0.0 |       0 |      23 |   0.0 |  1044
           D:2 |       0 |      35 |   0.0 |       0 |       7 |   0.0 |    57
               +---------+---------+-------+---------+---------+-------+---------
